Cogmind - Beta 13 @@@ ROGUE MODE // 2024.06.19 @ 23:29:57 Player: Kai Result: Destroyed by P-60 Hacker with Shock Rifle Performance ------------- Evolutions (3) 1500 Regions Visited (6) 1200 Robots Destroyed (83) 415 Value Destroyed (2622) 2622 Prototype IDs (4) 80 Alien Tech Used (0) 0 Bonus (651) 651 TOTAL SCORE: 6468 Bonus ------- High Alert Combat Kills 231 Follower Combat Kills 789 Friendly Fire -369 Cogmind --------- Core Integrity 0/700 Matter 153/300 Energy 40/100 System Corruption 9% Temperature Cool (0) Movement Core (250) Ox4 Location -7/Factory Parts ------- > --- POWER (1) -------- (None) > --- PROPULSION (5) --- (None) > --- UTILITY (5) ------ Improved Signal Interpreter > --- WEAPON (2) ------- Improved EM Pulse Cannon Advanced Assault Cannon > --- INVENTORY (5) ---- Microactuators Advanced ECM Suite Peak State ------------ > --- POWER ------------ Enhanced Nuclear Core > --- PROPULSION ------- VTOL Module Improved VTOL Module Improved VTOL Module Improved VTOL Module Improved VTOL Module > --- UTILITY ---------- Improved Cooling System Improved Signal Interpreter Reaction Control System Hacking Suite Hacking Suite > --- WEAPON ----------- Rocket Launcher Katana > --- INVENTORY -------- Light Nuclear Core Armored Treads Advanced ECM Suite Assault Cannon Flak Cannon [Rating: 45] Favorites ----------- Power Light Nuclear Core Engine Ion Engine Power Core Light Nuclear Core Propulsion Light Treads Treads Light Treads Leg Aluminum Leg Flight Unit Improved VTOL Module Utility Targeting Computer Device Reaction Control System Storage Small Storage Unit Processor Targeting Computer Hackware Hacking Suite Weapon Flak Cannon Energy Gun Particle Gun Energy Cannon Beam Cannon Ballistic Cannon Flak Cannon Launcher Rocket Launcher Slashing Weapon Katana Build | -11 -10 -10 -9 -8 -8 -7 ------- Run | Yrd Mat Min Mat Mat Sto Fac Slots Evolved 6 | . . . 2 2 . 2 Power . | . . . . . . . Propulsion 3 | . . . . 1 . 2 Utility 3 | . . . 2 1 . . Weapon . | . . . . . . . Parts Attached 62 | 7 7 8 9 3 8 20 Power 6 | 1 1 . 1 . 1 2 Engine 1 | 1 . . . . . . Core 5 | . 1 . 1 . 1 2 Reactor . | . . . . . . . Propulsion 22 | 2 . 4 3 2 3 8 Treads 11 | 2 . 1 3 2 2 1 Leg 3 | . . 3 . . . . Wheel . | . . . . . . . Hover . | . . . . . . . Flight 8 | . . . . . 1 7 Utility 11 | 1 1 . 5 1 . 3 Device 3 | . . . 1 . . 2 Storage 3 | 1 . . 2 . . . Processor 3 | . 1 . 2 . . . Hackware 2 | . . . . 1 . 1 Protection . | . . . . . . . Artifact . | . . . . . . . Weapon 23 | 3 5 4 . . 4 7 Energy Gun 9 | 3 4 2 . . . . Energy Cannon 2 | . 1 . . . . 1 Ballistic Gun . | . . . . . . . Ballistic Cannon 8 | . . 2 . . 2 4 Launcher 2 | . . . . . 2 . Special Weapon . | . . . . . . . Impact Weapon . | . . . . . . . Slashing Weapon 2 | . . . . . . 2 Piercing Weapon . | . . . . . . . Special Melee Weapon . | . . . . . . . Unidentified Prototypes 1 | . . . . . 1 . Parts Lost 17 | . . . 1 . . 16 Power 3 | . . . 1 . . 2 Propulsion 7 | . . . . . . 7 Utility 3 | . . . . . . 3 Weapon 4 | . . . . . . 4 Highest Loss Streak 13 | . . . 1 . . 13 To Critical Strikes . | . . . . . . . Average Slot Usage (%) 96 | . 93 99 99 99 99 80 Engine 1 | . 8 . . . . . Core 9 | . 5 14 11 9 9 5 Treads 18 | . 28 10 19 27 26 1 Leg 4 | . . 17 2 . . . Flight 3 | . . . . . . 27 Device 5 | . . . 11 9 9 7 Storage 10 | . 14 14 11 9 9 . Processor 15 | . 8 14 22 18 18 11 Hackware 4 | . . . . 8 9 12 Energy Gun 6 | . 23 10 . . . . Ballistic Cannon 12 | . . 17 22 18 12 2 Launcher 1 | . . . . . 5 4 Naked Turns . | . . . . . . . Heaviest Build 38 | 14 16 21 37 37 38 21 Greatest Support 62 | 40 40 40 42 62 62 24 Greatest Overweight (x) 1 | . . 1 1 . . 1 Average Overweight (x) . | . . . . . . . Largest Inventory Capacity 15 | 8 8 8 15 15 15 15 Average Capacity 10 | 7 8 8 14 15 15 5 Most Carried 15 | 6 8 8 15 14 15 14 Average Carried 9 | 3 7 7 11 13 14 4 Final Capacity 15 | 8 8 8 15 15 15 5 Final Carried 14 | 6 8 8 14 14 14 2 Class Distribution -------------------- 74% | Mutant 15% | Commander-Mutant 7% | Commander-Sprinter Dominant Class ---------------- Mutant | -10/Materials Mutant | -10/Mines Mutant | -9/Materials Mutant | -8/Materials Commander-Mutant | -8/Storage Commander-Sprinter | -7/Factory Resources | -11 -10 -10 -9 -8 -8 -7 ----------- Run | Yrd Mat Min Mat Mat Sto Fac Matter Collected 1884 | 240 100 318 435 75 552 164 Remotely . | . . . . . . . Salvage Created 2549 | . 478 398 562 61 1019 31 Parts 150 | . 36 15 32 1 59 7 Haulers Intercepted 3 | . . . 2 . 1 . Recyclers Shooed 2 | . . . . . 2 . Parts Field Recycled . | . . . . . . . Retrieved Matter . | . . . . . . . Parts Self-Destructed . | . . . . . . . Prevented . | . . . . . . . Kills | -11 -10 -10 -9 -8 -8 -7 ------- Run | Yrd Mat Min Mat Mat Sto Fac Combat Hostiles Destroyed 60 | . 10 10 12 2 24 2 Guns 9 | . 4 5 . . . . Cannons 37 | . 5 4 12 2 12 2 AOE 13 | . 1 . . . 12 . Classes Destroyed 12 | . 3 . 5 . 2 2 Worker 3 | . . . . . 3 . Builder 2 | . . . 1 . 1 . Hauler 3 | . . . 2 . 1 . Recycler 3 | . . . 2 . 1 . Operator 6 | . 2 . 1 . 2 1 Watcher 4 | . 3 . . . 1 . Swarmer 1 | . . . . . . 1 Cutter 1 | . . . . . . 1 Grunt 48 | . 10 10 10 1 17 . Brawler 6 | . . . 1 . 5 . Protector 1 | . . . . . 1 . Sentry 4 | . . . 1 1 2 . Thug 1 | . . . . . 1 . Best Kill Streak 8 | . 6 4 6 1 8 2 Combat Bots Only 6 | . 5 4 4 1 6 2 Max Kills in Single Turn 3 | . 2 1 1 1 3 1 Gunslinging . | . . . . . . . Exploded 2 | . 1 . . . 2 . Melee . | . . . . . . . Uniques/NPCs Destroyed . | . . . . . . . Combat | -11 -10 -10 -9 -8 -8 -7 -------- Run | Yrd Mat Min Mat Mat Sto Fac Hostile Shots Fired 232 | . 36 28 34 7 34 93 Missed 81 | . 14 9 11 3 16 28 Damage Taken 2961 | . 248 243 278 60 291 1841 Core 974 | . 46 110 55 14 47 702 Absorbed by Shields . | . . . . . . . Core Remaining (%) 77 | 100 . 37 86 . 88 . Volleys Fired 145 | . 30 24 33 6 37 15 Largest 2 | . 2 2 2 2 2 2 Hottest 130 | . 125 130 88 88 88 117 Shots Fired 262 | . 47 45 66 12 69 23 Gun 52 | . 23 29 . . . . Cannon 193 | . 24 16 66 12 53 22 Launcher 17 | . . . . . 16 1 Special . | . . . . . . . Kinetic 168 | . . 16 66 12 53 21 Thermal 66 | . 37 29 . . . . Explosive 17 | . . . . . 16 1 Electromagnetic 11 | . 10 . . . . 1 Robot Hit Streak 11 | . 9 7 7 6 11 7 Robot Miss Streak 7 | . 2 4 6 4 6 7 Penetration Max . | . . . . . . . Secondary Targets 1 | . . 1 . . . . Max Gunslinging Chain 1 | . . 1 . . . . Shots Hit Robots 185 | . 34 27 47 9 51 17 Core Hits 216 | . 21 18 45 9 107 16 Critical Kills 1 | . 1 . . . . . Critical Parts Destroyed . | . . . . . . . Critical Strikes 4 | . 2 1 1 . . . Burn 1 | . . 1 . . . . Meltdown 1 | . 1 . . . . . Blast 1 | . . . 1 . . . Corrupt 1 | . 1 . . . . . Melee Attacks 13 | . . . . . . 13 Impact . | . . . . . . . Slashing 13 | . . . . . . 13 Piercing . | . . . . . . . Sneak Attacks . | . . . . . . . Combat Hostiles . | . . . . . . . Follow-up Attacks . | . . . . . . . Damage Inflicted 5922 | . 677 463 1149 196 3124 313 Guns 503 | . 247 256 . . . . Cannons 3314 | . 295 207 1149 196 1162 305 Explosions 2091 | . 135 . . . 1956 . Melee 8 | . . . . . . 8 Ramming 6 | . . . . . 6 . Kinetic 3013 | . . 207 1149 196 1162 299 Thermal 833 | . 577 256 . . . . Explosive 1956 | . . . . . 1956 . Electromagnetic 106 | . 100 . . . . 6 Impact . | . . . . . . . Slashing 8 | . . . . . . 8 Piercing . | . . . . . . . Highest Corruption 9 | . . . . . . 9 Average Corruption 7 | . . . . . . 7 Corruption Purged . | . . . . . . . Corruption Blocked . | . . . . . . . Effects 5 | . . . . . . 5 Matter Fused 2 | . . . . . . 2 Heat Flow Errors 1 | . . . . . . 1 Data Loss (minor) 1 | . . . . . . 1 Weapon Failures 1 | . . . . . . 1 Overload Shots . | . . . . . . . Overflow Damage 27 | . . . . . 27 . Projectiles 2 | . . . . . 2 . Explosions 25 | . . . . . 25 . Melee . | . . . . . . . Knockbacks 21 | . . 1 3 1 11 5 Impact . | . . . . . . . Kinetic 20 | . . 1 3 1 11 4 Secondary 1 | . . . . . . 1 Self-Inflicted Damage 14 | . . . . . . 14 Shots 1 | . . . . . . 1 Rammed 2 | . . . . . 2 . Targets Rammed 2 | . . . . . 2 . Kicked . | . . . . . . . Crushed . | . . . . . . . Highest Temperature 504 | . 410 504 205 54 90 100 Average Temperature 101 | . 133 203 59 21 19 10 Received Heat Transfer 636 | . 135 171 141 27 162 . Effects 11 | . 4 7 . . . . Shutdowns 2 | . 1 1 . . . . Interference 7 | . 1 6 . . . . Damage (major) 2 | . 2 . . . . . Siege Activations . | . . . . . . . Robots Corrupted . | . . . . . . . Combat Hostiles . | . . . . . . . Parts Fried . | . . . . . . . Impact Corruptions . | . . . . . . . Robots Melted 2 | . 1 1 . . . . Combat Hostiles 1 | . . 1 . . . . Parts Melted 6 | . 4 2 . . . . Heat Transferred 1853 | . 1186 667 . . . . Parts Sabotaged . | . . . . . . . Parts Stolen . | . . . . . . . Parts Stripped . | . . . . . . . Power Chain Reactions 1 | . 1 . . . . . Alert | -11 -10 -10 -9 -8 -8 -7 ------- Run | Yrd Mat Min Mat Mat Sto Fac Peak Influence 1192 | . 220 178 382 230 1192 635 Initial 541 | . . 57 . 161 50 541 Average 252 | . 90 77 182 154 536 575 Maximum Alert Level 4 | . 1 . 1 1 4 2 Low Security (%) 61 | 100 90 100 56 62 25 . Level 1 13 | . 9 . 43 37 8 5 Level 2 17 | . . . . . 30 94 Level 3 4 | . . . . . 21 . Level 4 2 | . . . . . 13 . Level 5 . | . . . . . . . High Security . | . . . . . . . Max Security . | . . . . . . . Squads Dispatched 19 | . 2 2 2 . 6 7 Investigation 1 | . . 1 . . . . Extermination 1 | . . . . . . 1 Reinforcement 14 | . 2 . 2 . 4 6 Assault 3 | . . 1 . . 2 . Garrison . | . . . . . . . Intercept . | . . . . . . . Searches Triggered . | . . . . . . . Construction Impeded 1 | . . . . . 1 . Haulers Reinforced . | . . . . . . . Active Scanning Responses . | . . . . . . . Cargo Convoy Interrupts . | . . . . . . . Stealth | -11 -10 -10 -9 -8 -8 -7 --------- Run | Yrd Mat Min Mat Mat Sto Fac Distress Signals 10 | . 2 . 5 . 3 . Communications Jammed . | . . . . . . . Distress Signals . | . . . . . . . Times Spotted 120 | . 14 10 34 4 49 9 Peak Tracking Total 8 | . 8 4 6 1 6 6 Tactical Retreats 2 | . . . . . . 2 Traps | -11 -10 -10 -9 -8 -8 -7 ------- Run | Yrd Mat Min Mat Mat Sto Fac Traps Triggered 1 | . . . . . . 1 Indirectly . | . . . . . . . Trap Hack Attempts . | . . . . . . . Triggered . | . . . . . . . Disarmed . | . . . . . . . Reprogrammed . | . . . . . . . Reused . | . . . . . . . Traps Extracted . | . . . . . . . Installed . | . . . . . . . Triggered . | . . . . . . . Machines | -11 -10 -10 -9 -8 -8 -7 ---------- Run | Yrd Mat Min Mat Mat Sto Fac Machines Disabled 3 | . . . 1 . 2 . Max in Single Turn 1 | . . . 1 . 1 . Machines Repaired . | . . . . . . . Machines Dismantled . | . . . . . . . Machines Sabotaged . | . . . . . . . Overloaded Fab Kills . | . . . . . . . Hacking | -11 -10 -10 -9 -8 -8 -7 --------- Run | Yrd Mat Min Mat Mat Sto Fac Machines Accessed 14 | . 3 1 3 3 3 1 Terminals 10 | . 3 . 2 3 2 . Fabricators 1 | . . . . . . 1 Repair Stations . | . . . . . . . Recycling Units 1 | . . . . . 1 . Scanalyzers 1 | . . . 1 . . . Garrison Access . | . . . . . . . Total Hacks 37 | . 9 1 6 12 5 4 Successful 22 | . 6 1 2 7 4 2 Failed 15 | . 3 . 4 5 1 2 Catastrophic 1 | . . . . . 1 . Database Lockouts . | . . . . . . . Manual 8 | . 1 . . 5 2 . Terminals 30 | . 9 . 5 12 4 . Fabricators 4 | . . . . . . 4 Repair Stations . | . . . . . . . Recycling Units 1 | . . . . . 1 . Scanalyzers 1 | . . . 1 . . . Garrison Access . | . . . . . . . Terminal Hacks 19 | . 6 1 2 7 3 . Record 4 | . 2 . . 2 . . Part Schematic 1 | . 1 . . . . . Prototype ID Bank 1 | . 1 . . . . . Open Door 2 | . . 1 . . 1 . Alert Level 4 | . . . 2 1 1 . Unreport Threat 2 | . . . . 1 1 . Patrol Status 2 | . 1 . . 1 . . Hauler Manifests 1 | . 1 . . . . . Zone Layout 2 | . . . . 2 . . Fabricator Hacks 2 | . . . . . . 2 Network Status 1 | . . . . . . 1 Build 1 | . . . . . . 1 Repair Station Hacks . | . . . . . . . Recycling Unit Hacks 1 | . . . . . 1 . Report Inventory 1 | . . . . . 1 . Scanalyzer . | . . . . . . . Garrison Access Hacks . | . . . . . . . Unauthorized Hacks . | . . . . . . . Terminals . | . . . . . . . Fabricators . | . . . . . . . Repair Stations . | . . . . . . . Recycling Units . | . . . . . . . Scanalyzers . | . . . . . . . Garrison Access . | . . . . . . . Data Cores Recovered 1 | . 1 . . . . . Used 1 | . 1 . . . . . Hacking Detections 11 | . 3 . 3 3 1 1 Full Trace Events 2 | . . . 1 1 . . Feedback Events . | . . . . . . . Feedback Blocked . | . . . . . . . Robot Schematics Acquired . | . . . . . . . Robots Built . | . . . . . . . Authchips . | . . . . . . . Time . | . . . . . . . Total Robot Build Rating . | . . . . . . . Part Schematics Acquired 1 | . 1 . . . . . Parts Built 1 | . . . . . . 1 Authchips . | . . . . . . . Time 134 | . . . . . . 134 Total Part Build Rating 4 | . . . . . . 4 Parts Repaired . | . . . . . . . Time . | . . . . . . . Parts Recycled . | . . . . . . . Recycled Matter . | . . . . . . . Retrieved Matter . | . . . . . . . Retrieved Components . | . . . . . . . Parts Scanalyzed . | . . . . . . . Part Schematics Acquired . | . . . . . . . Parts Damaged . | . . . . . . . Bothacking | -11 -10 -10 -9 -8 -8 -7 ------------ Run | Yrd Mat Min Mat Mat Sto Fac Used RIF Installer . | . . . . . . . Robots Hacked . | . . . . . . . Non-combat . | . . . . . . . Combat . | . . . . . . . Robot Hacks Applied . | . . . . . . . Relay Couplers Released . | . . . . . . . Fabnet Peak Effective % . | . . . . . . . Robots Rewired . | . . . . . . . Allies Hacked . | . . . . . . . Hacks Repelled . | . . . . . . . Allies | -11 -10 -10 -9 -8 -8 -7 -------- Run | Yrd Mat Min Mat Mat Sto Fac Total Allies 18 | . . 6 . . 12 . Largest Group 10 | . . 3 3 . 10 5 Highest-Rated Group 173 | . . 43 40 . 173 93 Highest-Rated Ally 31 | . . 31 16 . 31 29 Total Orders 5 | . . . . . . 5 STAY 5 | . . . . . . 5 Ally Attacks 187 | . . 13 38 . 115 21 Total Damage 2385 | . . 245 383 . 1441 316 Kills 32 | . . . 11 . 18 3 Allies Corrupted . | . . . . . . . Allies Melted . | . . . . . . . Intel | -11 -10 -10 -9 -8 -8 -7 ------- Run | Yrd Mat Min Mat Mat Sto Fac Robot Analysis Total . | . . . . . . . Derelict Logs Recovered 1 | . . 1 . . . . Drone Launches . | . . . . . . . Drone Recoveries . | . . . . . . . Exploration | -11 -10 -10 -9 -8 -8 -7 ------------- Run | Yrd Mat Min Mat Mat Sto Fac Turns Passed 3690 | 88 613 926 621 257 763 422 Spaces Moved 2336 | 49 319 603 317 145 374 529 Core 107 | 8 . . . . . 99 Treads 1328 | 41 319 164 279 145 374 6 Legs 477 | . . 439 38 . . . Wheels . | . . . . . . . Hover . | . . . . . . . Flight 424 | . . . . . . 424 Fastest Speed 23 | 50 160 120 120 155 152 23 Average Speed 120 | 142 160 131 148 155 155 31 Slowest Speed 250 | 160 160 190 225 155 160 250 Overloaded Moves . | . . . . . . . Propulsion Burnouts . | . . . . . . . Robots Hopped . | . . . . . . . Cave-ins Triggered 1 | . . . . . . 1 Exploration Rate (%) 39 | 5 56 98 35 13 58 10 Regions Visited 6 Branch Regions 2 Pre-discovered Areas . | . . . . . . . Known Exits Taken 3 | . . . 1 1 1 . Unknown Exits Taken 3 | 1 1 1 . . . . Scrap Searched 1 | . . 1 . . . . Spaces Dug 12 | . . . . . . 12 Terrain Destroyed 167 | . 6 2 3 1 136 19 Melee 12 | . . . . . . 12 Projectile 7 | . . 2 3 1 . 1 AOE 148 | . 6 . . . 136 6 Terrain Rammed . | . . . . . . . Walls Destroyed . | . . . . . . . Machines Disabled . | . . . . . . . Actions | -11 -10 -10 -9 -8 -8 -7 --------- Run | Yrd Mat Min Mat Mat Sto Fac Total 2937 | 67 376 695 403 165 490 741 Wait 269 | . 7 43 20 10 46 143 Move 2330 | 48 318 602 316 144 373 529 Hop . | . . . . . . . Pick Up 65 | 12 5 7 16 2 11 12 Fast Attach 14 | . 7 2 1 . 1 3 Attach 26 | 6 . 1 4 2 1 12 Detach . | . . . . . . . Swap 22 | 1 . 5 4 1 6 5 Drop 51 | . 9 11 9 . 13 9 Fire 145 | . 30 24 33 6 37 15 Melee 13 | . . . . . . 13 Ram . | . . . . . . . Kick . | . . . . . . . Crush 2 | . . . . . 2 . Escape Stasis . | . . . . . . . Rewire . | . . . . . . . Trap . | . . . . . . . Miscellaneous . | . . . . . . . Route ------- -11/Scrapyard -10/Materials (discovered 3 exits: *Mat / *Min x2) -10/Mines (discovered 2 exits: *Mat x2) -9/Materials -8/Materials -8/Storage -7/Factory History --------- Turn | Location | Event 43 | -11/Scrapyard | Discovered new exit (range 15) 89 | -11/Scrapyard | Entered Materials 305 | -10/Materials | Build established: Mutant 339 | -10/Materials | Discovered new exit (range 9) 457 | -10/Materials | Discovered new exit (range 16) 624 | -10/Materials | Discovered new exit (range 6) 702 | -10/Materials | Entered Mines 755 | -10/Mines | Discovered new exit (range 7) 791 | -10/Mines | Met a Derelict testing a Signal Generator 939 | -10/Mines | Core integrity fell below 50% 1033 | -10/Mines | Met a Derelict shopkeep closing up shop 1338 | -10/Mines | Discovered new exit (range 11) 1441 | -10/Mines | Assisted by bots powering up and referring to "LRC-V3" 1447 | -10/Mines | Learned location of 1 exit from Materials 1628 | -10/Mines | Entered Materials 1628 | -9/Materials | Accompanied by 3 allies 1628 | -9/Materials | Evolved 2 slots: Utility x2 1629 | -9/Materials | Identified exit to Materials 2249 | -9/Materials | Entered another Materials area 2249 | -8/Materials | Evolved 2 slots: Propulsion x1, Utility x1 2261 | -8/Materials | Discovered new exit (range 10) 2356 | -8/Materials | Identified exit to Storage 2506 | -8/Materials | Entered Storage 2652 | -8/Storage | Met a pair of Derelict thieves 2831 | -8/Storage | Assisted by bots powering up and referring to "LRC-V3" 3151 | -8/Storage | Build established: Commander-Mutant 3209 | -8/Storage | Discovered new exit (range 15) 3268 | -8/Storage | Identified exit to Factory 3269 | -8/Storage | Entered Factory 3269 | -7/Factory | Accompanied by 5 allies 3269 | -7/Factory | Evolved 2 slots: Propulsion x2 3470 | -7/Factory | Fabricated Enh. Nuclear Core (x1) 3543 | -7/Factory | Crushed by falling debris 3574 | -7/Factory | Lost 3 parts (2n1w) 3614 | -7/Factory | Core integrity fell below 50% 3639 | -7/Factory | Core integrity fell below 20% 3691 | -7/Factory | Destroyed by P-60 Hacker with Shock Rifle Last Messages --------------- Triggered Proton Bomb Trap. A bubble of electromagnetic force engulfs the area. Imp. VTOL Module destroyed. Neutrino Reactor explodes. Door malfunctions. Imp. VTOL Module destroyed. Surge Thruster destroyed. Chain reaction triggered in Lgt. Nuclear Core. K-01 Serf cleans the Neutrino Reactor. System corrupted: Heat flow error (+134). Penetrated by Slug. Hacking Suite destroyed. Penetrated by Slug. K-01 Serf collects debris. Slug penetrates Wall. System corrupted: Matter fused (-5). Hacking Suite destroyed. Acquired Adv. Assault Cannon. Acquired Imp. EM Pulse Cannon. P-60 Hacker resets T-07 Excavator, system corruption cleaned. Map ----- +----------------------------------------------------+ | # | | # """"" | | #" #################### # """"" | | ### #??????????????????# # """ | | # #??????????????????# # | | # #??????????????????# # | | # +??????????????????# / """"""" | | # #??????????????????# # """"""" | | # #??????????????????# # """"""" | | " # #??????????????????# # """"""" | | " # #??????????????????# # | | " # #??????????????????# # | | # #??????????????????# ############# | | # #??????????????????# #???????????? | | # #?????############## #???????????? | | # ??????# + #???????????? | | ###?????????????# ! %# #???????????? | | ????????????????# p# #???????????? | | ????????????????# # #???????????? | | ????????????????+ # #???????????? | | ????????????????# # #???????????? | | ????????????????# # #???????????? | | ????????????????# # #???????????? | | ????????????????# ! # #???????????? | | ????????????????# # +???????????? | | ????????????????# @ # #???????????? | | ????????????????# # #???????????? | | ????????????????##+#####+##### #???????????? | | ?????????????????????????????? #???????????? | | ?????????????????????????????? ??????????????? | | ?????????????????????????????? ????????????????? | | ?????????????????????????????????????????????????? | | ?????????????????????????????????????????????????? | | ?????????????????????????????????????????????????? | | ?????????????????????????????????????????????????? | | ?????????????????????????????????????????????????? | | ?????????????????????????????????????????????????? | | ?????????????????????????????????????????????????? | | ?????????????????????????????????????????????????? | | ?????????????????????????????????????????????????? | | ?????????????????????????????????????????????????? | | ?????????????????????????????????????????????????? | | ?????????????????????????????????????????????????? | | ?????????????????????????????????????????????????? | | ?????????????????????????????????????????????????? | | ?????????????????????????????????????????????????? | | ?????????????????????????????????????????????????? | | ?????????????????????????????????????????????????? | | ?????????????????????????????????????????????????? | | ?????????????????????????????????????????????????? | +----------------------------------------------------+ Best States ------------- Heat Dissipation 61 Energy Generation 17 Energy Capacity 300 Matter Stores 300 Matter Capacity 300 Sight Range 16 Terrain Scan Density 10 Evasion (%) 73 Targeting Accuracy 5 Recoil Reduction 3 Offensive Hacking 20 Item Schematics ----------------- Flight Unit | -10/Materials | Hacked Robot Schematics ------------------ None Fabricated ------------ Enh. Nuclear Core | x1 | -7/Factory | Preloaded Alien Tech Used ----------------- None Achievements -------------- Just What I Needed More Dakka Please Challenges ------------ None Game ------ Seed RestorationLinkedFlail Manual? 0 Play Time 00:49:25 Cumulative 11.1 hours Start 2024.06.19 @ 22:41:41 End 2024.06.19 @ 23:29:57 Sessions 1 Manual Loads 0 Difficulty Rogue Special Mode None Game No. 13 Rogue 13 Adventurer 0 Explorer 0 Win Type - Total 0 Types 0/0/0/0/0/0/0/0/0 Lore% 13 Gallery% 17 Achievement% 16 Wizard Run 0 Options --------- Layout 0 ASCII 0 Keyboard 0 Movement Mouse Keybinds 0 Fullscreen 1 Font 24/Smallcaps Map View 38x28 Zoom Use 99% Tactical HUD 0 Map Filters NONE Filters NONE Steam 1 RUN: 2723bb0a-dea6-4a35-8f8f-11795c783f50